[Event "FIDE World Chess Grand Prix 2017"]
[Site "Sharjah"]
[Date "2017.02.22"]
[Round "5"]
[White "Vachier-Lagrave, Maxime"]
[Black "Aronian, Levon"]
[Result "1/2-1/2"]
[ECO "C89"]
[WhiteElo "2796"]
[BlackElo "2785"]
[Annotator ""]
[PlyCount "85"]
[EventDate "2017.??.??"]
[EventType "swiss"]
[EventCountry "UAE"]
[SourceTitle "playchess.com"]
[Source "ChessBase"]
[SourceQuality "1"]
[TimeControl "40/6000+30:20/3000+30:900+30"]

1. e4 {(0)} e5 {(4)} 2. Nf3 {(0)} Nc6 {
(7)} 3. Bb5 {(0)} a6 {(6)} 4. Ba4 {(
00)} Nf6 {(7)} 5. O-O {(0)} Be7 {(7)} 6. Re1 {
(0)} b5 {(6)} 7. Bb3 {(0)} O-O {(6]
} 8. c3 {(15)} d5 {(6)} 9. exd5 {(3)} Nxd5 {
(6)} 10. Nxe5 {(3)} Nxe5 {(8)} 11. Rxe5 {
(2)} c6 {(10)} 12. d3 {(8)} Bd6 {(9]
} 13. Re1 {(8)} Bf5 {(11)} 14. Qf3 {(26)} Qh4 {
(7)} 15. g3 {(13)} Qh3 {(6)} 16. Be3 {(
30)} Bxd3 {(10)} 17. Nd2 {(34)} Qf5 {(12)} 18.
Bd4 {(1:39)} Rfe8 {(31)} 19. a4 {(15)} h6 {(
08)} 20. Kg2 {(3:57)} Qxf3+ {(35)} 21. Nxf3 {(
44)} Rac8 {(3:08)} 22. axb5 {(5:24)} axb5 {(2:51)} 23.
Ra6 {(13:08)} Rxe1 {(1:07)} 24. Nxe1 {(9)} Nc7 {
(8)} 25. Rb6 {(5:22)} Bf5 {(1:33)} 26. Bc2 {(
18:04)} Be6 {(5:06)} 27. Be4 {(1:13)} Nd5 {(7:07)} 28.
Ra6 {(28)} b4 {(52)} 29. c4 {(4:47)} Nf6 {(
34)} 30. Bf3 {(23)} Bxc4 {(2:14)} 31. Rxc6 {(8)
} Rxc6 {(11)} 32. Bxc6 {(5)} Kf8 {(1:52)} 33. Nc2
{(1:35)} Nd5 {(2:14)} 34. Kf3 {(1:35)} g6 {(
17)} 35. Ne3 {(1:25)} Nxe3 {(1:26)} 36. Bxe3 {(8)}
g5 {(7:57)} 37. Ke4 {(53)} Ke7 {(57)} 38. Kd4 {
(2:15)} Be2 {(2:26)} 39. Bb7 {(1:58)} f6 {(2:
34)} 40. f4 {(0)} gxf4 {(16)} 41. Bxf4 {(36)}
Bxf4 {(18)} 42. gxf4 {(6)} Kd6 {(12)} 43. h4 1/2-1/2

[Event "FIDE World Chess Grand Prix 2017"]
[Site "Sharjah"]
[Date "2017.02.22"]
[Round "5"]
[White "Vallejo Pons, Francisco"]
[Black "Li, Chao b"]
[Result "1/2-1/2"]
[ECO "C42"]
[WhiteElo "2709"]
[BlackElo "2720"]
[Annotator ""]
[PlyCount "74"]
[EventDate "2017.??.??"]
[EventType "swiss"]
[EventCountry "UAE"]
[SourceTitle "playchess.com"]
[Source "ChessBase"]
[SourceQuality "1"]
[TimeControl "40/6000+30:20/3000+30:900+30"]

1. e4 {(0)} e5 {(13)} 2. Nf3 {(0)} Nf6 {
(5)} 3. Nxe5 {(12)} d6 {(6)} 4. Nf3 {(
16)} Nxe4 {(7)} 5. d4 {(6)} d5 {(12)} 6. Bd3
{(8)} Nc6 {(24)} 7. O-O {(26)} Be7 {(
09)} 8. Nbd2 {(35)} Bf5 {(25)} 9. Re1 {(49)} Nxd2
{(11)} 10. Qxd2 {(18)} Bxd3 {(6)} 11. Qxd3 {
(6)} O-O {(10)} 12. c3 {(31)} Qd7 {(5:
37)} 13. Bf4 {(1:35)} Rae8 {(11)} 14. Re2 {(22:40)}
Bd6 {(2:33)} 15. Bxd6 {(4:07)} Qxd6 {(3:57)} 16. Rae1 {
(34)} Rxe2 {(28)} 17. Qxe2 {(46)} h6 {(6:
32)} 18. g3 {(4:13)} Rb8 {(19:52)} 19. Nh4 {(5:03)} Qd7
{(33)} 20. g4 {(19:49)} g6 {(28:50)} 21. Ng2 {(
58)} b5 {(5:22)} 22. b4 {(5:04)} a5 {(11)} 23. a3
{(39)} a4 {(1:27)} 24. h3 {(3:26)} Rd8 {(6:
01)} 25. Nf4 {(8:51)} Qd6 {(3:06)} 26. Nd3 {(5:53)} Kg7
{(2:55)} 27. Nc5 {(1:12)} Rb8 {(11)} 28. Kg2 {
(3:00)} g5 {(2:17)} 29. Kg1 {(6:49)} Rb6 {(6:
56)} 30. Qe8 {(3:05)} Rb8 {(43)} 31. Qe2 {(5)} Rb6
{(7)} 32. Kf1 {(54)} Rb8 {(1:25)} 33. Kg2 {
(37)} Rb6 {(1:36)} 34. Qe8 {(9:47)} Rb8 {(
09)} 35. Qe2 {(4)} Rb6 {(4)} 36. Qe8 {(48)} Rb8
{(5)} 37. Qe2 {(3)} Rb6 1/2-1/2

[Event "FIDE World Chess Grand Prix 2017"]
[Site "Sharjah"]
[Date "2017.02.24"]
[Round "6"]
[White "Adams, Michael"]
[Black "Vachier-Lagrave, Maxime"]
[Result "1/2-1/2"]
[ECO "A20"]
[WhiteElo "2751"]
[BlackElo "2796"]
[Annotator ""]
[PlyCount "56"]
[EventDate "2017.??.??"]
[EventType "swiss"]
[EventCountry "UAE"]
[SourceTitle "playchess.com"]
[Source "ChessBase"]
[SourceQuality "1"]
[TimeControl "40/6000+30:20/3000+30:900+30"]

1. c4 {(0)} e5 {(15)} 2. g3 {(0)} Nf6 {(
03)} 3. Bg2 {(0)} d5 {(3)} 4. cxd5 {(0)}
Nxd5 {(4)} 5. Nf3 {(0)} Nc6 {(3)} 6. O-O {
(09)} Nb6 {(7)} 7. b3 {(14)} Bd6 {(1:34)
} 8. Bb2 {(47)} O-O {(11)} 9. Nc3 {(3:22)} Re8 {
(05:56)} 10. Ne4 {(6:33)} Bf8 {(6:48)} 11. d3 {(
39)} f5 {(9:18)} 12. Ned2 {(1:10)} e4 {(3:56)} 13.
Ne1 {(15:42)} e3 {(1:18)} 14. fxe3 {(19)} Rxe3 {
(47)} 15. Nc2 {(4:47)} Re8 {(3:31)} 16. Nf3 {(
27)} Nd5 {(19:04)} 17. e4 {(13:43)} fxe4 {(3:24)} 18.
dxe4 {(16)} Ndb4 {(9)} 19. Nxb4 {(8:22)} Qxd1 {
(01:49)} 20. Raxd1 {(7:42)} Nxb4 {(1:30)} 21. Rd2 {
(14:00)} Nxa2 {(9:34)} 22. Be5 {(3:17)} Bg4 {(1:
30)} 23. Bxc7 {(3:33)} Nc3 {(59)} 24. e5 {(1:46)}
Bc5+ {(2:03)} 25. Kh1 {(13)} Rac8 {(12)} 26. Bd6 {
(08:24)} Ne4 {(1:03)} 27. Ra2 {(34)} Nxd6 {(6:
04)} 28. exd6 {(6)} h6 {(7:21)} 1/2-1/2

[Event "FIDE World Chess Grand Prix 2017"]
[Site "Sharjah"]
[Date "2017.02.24"]
[Round "6"]
[White "Aronian, Levon"]
[Black "Vallejo Pons, Francisco"]
[Result "1/2-1/2"]
[ECO "D35"]
[WhiteElo "2785"]
[BlackElo "2709"]
[Annotator ""]
[PlyCount "95"]
[EventDate "2017.??.??"]
[EventType "swiss"]
[EventCountry "UAE"]
[SourceTitle "playchess.com"]
[Source "ChessBase"]
[SourceQuality "1"]
[TimeControl "40/6000+30:20/3000+30:900+30"]

1. c4 {(0)} e6 {(17)} 2. Nc3 {(0)} d5 {(
12)} 3. d4 {(7)} Nf6 {(5)} 4. cxd5 {(39)}
Nxd5 {(9)} 5. e4 {(17)} Nxc3 {(6)} 6. bxc3 {
(05)} c5 {(5)} 7. Rb1 {(1:03)} Be7 {(1:06)
} 8. Bb5+ {(3:49)} Bd7 {(4:08)} 9. Bxd7+ {(8:14)} Qxd7
{(6:32)} 10. d5 {(2:15)} exd5 {(17:01)} 11. exd5 {
(05:42)} O-O {(13:24)} 12. Nf3 {(3:58)} Bf6 {(4:
22)} 13. O-O {(12:40)} b5 {(6:38)} 14. Bf4 {(13:25)} Bxc3
{(10:18)} 15. Qd3 {(20:48)} b4 {(26)} 16. Ng5 {(
13:24)} g6 {(1:47)} 17. Ne4 {(1:49)} Qf5 {(3:04)} 18.
Qf3 {(1:05)} Nd7 {(8:12)} 19. Nxc3 {(3:36)} bxc3 {
(26)} 20. Rbc1 {(8)} Ne5 {(14:54)} 21. Bxe5 {
(36)} Qxe5 {(2)} 22. Rxc3 {(4:14)} Rac8 {(
03)} 23. Rc4 {(1:42)} Rfe8 {(2:54)} 24. h4 {(3:25)}
Qd6 {(1:42)} 25. Rd1 {(52)} Re5 {(4:41)} 26. Qg3 {
(54)} Rce8 {(5:11)} 27. Kh2 {(54)} R8e7 {(
03:40)} 28. Rc3 {(3:03)} f6 {(1:05)} 29. Re3 {(2:05)}
Kg7 {(1:06)} 30. Kg1 {(1:43)} Rd7 {(46)} 31. Rxe5 {
(47)} Qxe5 {(6)} 32. Qd3 {(56)} Qd6 {(
50)} 33. g3 {(1:02)} Rc7 {(38)} 34. Qc4 {(44)} Rd7
{(27)} 35. a4 {(36)} Rb7 {(40)} 36. a5 {(
40)} Rb4 {(30)} 37. Qc3 {(23)} a6 {(32)} 38.
Kg2 {(33)} Rb5 {(40)} 39. Rd2 {(41)} c4 {(
37)} 40. Qxc4 {(0)} Rxa5 {(17)} 41. g4 {(9:28)}
Rb5 {(9:21)} 42. g5 {(1:40)} Rb4 {(11:14)} 43. Qc6 {
(03:50)} Qxc6 {(7:18)} 44. dxc6 {(4)} fxg5 {(
12)} 45. hxg5 {(3)} Kf7 {(28)} 46. c7 {(5:27)}
Rc4 {(1:09)} 47. Rd7+ {(6)} Ke6 {(6)} 48. Rxh7 {
(08)} 1/2-1/2

[Event "FIDE World Chess Grand Prix 2017"]
[Site "Sharjah"]
[Date "2017.02.24"]
[Round "6"]
[White "Eljanov, Pavel"]
[Black "Tomashevsky, Evgeny"]
[Result "1/2-1/2"]
[ECO "D37"]
[WhiteElo "2759"]
[BlackElo "2711"]
[Annotator ""]
[PlyCount "67"]
[EventDate "2017.??.??"]
[EventType "swiss"]
[EventCountry "UAE"]
[SourceTitle "playchess.com"]
[Source "ChessBase"]
[SourceQuality "1"]
[TimeControl "40/6000+30:20/3000+30:900+30"]

1. d4 {(0)} Nf6 {(7)} 2. c4 {(0)} e6 {(
05)} 3. Nf3 {(0)} d5 {(6)} 4. Nc3 {(0)}
Nbd7 {(7)} 5. Qc2 {(1:07)} c6 {(10)} 6. cxd5 {
(15:55)} exd5 {(2:17)} 7. Bg5 {(9)} Be7 {(1:
33)} 8. h3 {(48)} Nb6 {(16:37)} 9. e3 {(12:51)} Nh5 {
(01:28)} 10. Bxe7 {(5)} Qxe7 {(5)} 11. Ne5 {
(14:11)} Be6 {(8:32)} 12. Bd3 {(2:03)} g6 {(6:
11)} 13. g4 {(7:09)} Nf6 {(19:37)} 14. f4 {(2:48)} Nc8 {
(08:36)} 15. O-O-O {(7:22)} Nd6 {(38)} 16. Qa4 {
(01:36)} Nd7 {(3:54)} 17. Rhf1 {(8:47)} Nb6 {(5:
12)} 18. Qc2 {(13)} f6 {(1:57)} 19. Bxg6+ {(56)}
hxg6 {(2:21)} 20. Nxg6 {(4)} Qg7 {(8)} 21. Nxh8 {
(12)} Qxh8 {(6)} 22. f5 {(4:49)} Bf7 {(1:
18)} 23. Qh2 {(1:57)} O-O-O {(57)} 24. b3 {(8)}
Ne4 {(3:25)} 25. Kb2 {(55)} Qf8 {(3:29)} 26. Nxe4 {
(07:57)} dxe4 {(8)} 27. Qd2 {(29)} Qh6 {(7:
30)} 28. Rh1 {(11)} Nd5 {(24)} 29. Rde1 {(5)}
Rg8 {(4:43)} 30. Ka1 {(2:28)} a6 {(3:05)} 31. Qc2 {
(09:57)} Re8 {(1:05)} 32. Qd2 {(1:59)} Rg8 {(
40)} 33. Qc2 {(11)} Re8 {(6)} 34. Qd2 {(10)}
1/2-1/2

[Event "FIDE World Chess Grand Prix 2017"]
[Site "Sharjah"]
[Date "2017.02.24"]
[Round "6"]
[White "Hammer, Jon Ludvig"]
[Black "Salem, A R  Saleh"]
[Result "1/2-1/2"]
[ECO "B91"]
[WhiteElo "2628"]
[BlackElo "2656"]
[Annotator ""]
[PlyCount "102"]
[EventDate "2017.??.??"]
[EventType "swiss"]
[EventCountry "UAE"]
[SourceTitle "playchess.com"]
[Source "ChessBase"]
[SourceQuality "1"]
[TimeControl "40/6000+30:20/3000+30:900+30"]

1. e4 {(0)} c5 {(13)} 2. Nf3 {(0)} d6 {(
08)} 3. d4 {(0)} cxd4 {(6)} 4. Nxd4 {(0)}
Nf6 {(6)} 5. Nc3 {(11)} a6 {(7)} 6. g3 {
(10)} e6 {(22)} 7. Bg2 {(11)} Be7 {(6)
} 8. b3 {(11)} Bd7 {(5:55)} 9. O-O {(4:58)} Nc6 {
(14)} 10. Nce2 {(18)} b5 {(27:34)} 11. c3 {(
22:55)} Rc8 {(5:13)} 12. Ba3 {(6:46)} O-O {(10:43)} 13.
Nxc6 {(4:47)} Bxc6 {(37)} 14. e5 {(10)} Ne8 {
(31)} 15. Bxc6 {(1:16)} Rxc6 {(2:26)} 16. Rc1 {
(13:02)} Qc7 {(23:02)} 17. Nd4 {(15:42)} Rb6 {(
05)} 18. Qe2 {(6:42)} dxe5 {(37)} 19. Bxe7 {(2:51)}
Qxe7 {(2)} 20. Qxe5 {(13)} Qd6 {(9:52)} 21. Nf3 {
(01:17)} Qa3 {(4:25)} 22. Qe2 {(12:13)} Nf6 {(1:
41)} 23. Ne5 {(19)} Rb7 {(5:01)} 24. Rfd1 {(41)}
Rc7 {(37)} 25. Rc2 {(7:28)} h6 {(32)} 26. c4 {
(01:28)} bxc4 {(3:18)} 27. bxc4 {(5:28)} Qa5 {(
02:53)} 28. Rcd2 {(3)} Rc5 {(2:38)} 29. f4 {(3)}
h5 {(1:39)} 30. Rd4 {(1:46)} Rb8 {(1:21)} 31. Qd2 {
(24)} Qxd2 {(1:46)} 32. R1xd2 {(2)} Rcc8 {(
01:06)} 33. h3 {(26)} g6 {(59)} 34. g4 {(1:20)}
hxg4 {(2)} 35. hxg4 {(7)} Rb1+ {(1:02)} 36. Kg2 {
(09)} Kg7 {(49)} 37. Kf3 {(2:40)} Rf1+ {(
27)} 38. Kg2 {(35)} Rb1 {(18)} 39. Kf3 {(1:59)}
Rf1+ {(2)} 40. Rf2 {(0)} Rc1 {(1:19)} 41. Rb2 {
(21:20)} Rc7 {(5:14)} 42. g5 {(16:38)} Nh5 {(
22)} 43. Rb8 {(4:42)} Rc3+ {(7:35)} 44. Kf2 {(24)} f6
{(1:33)} 45. gxf6+ {(20)} Nxf6 {(1:35)} 46. Rb1 {
(02:54)} Nh5 {(19:23)} 47. Rb6 {(4:38)} Kf6 {(
39)} 48. Ng4+ {(12)} Kg7 {(16)} 49. Ne5 {(23)}
Kf6 {(5)} 50. Ng4+ {(3:24)} Kg7 {(2)} 51. Ne5 {
(01:09)} Kf6 {(7)} 1/2-1/2

[Event "FIDE World Chess Grand Prix 2017"]
[Site "Sharjah"]
[Date "2017.02.24"]
[Round "6"]
[White "Hou, Yifan"]
[Black "Ding, Liren"]
[Result "1/2-1/2"]
[ECO "C47"]
[WhiteElo "2651"]
[BlackElo "2760"]
[Annotator ""]
[PlyCount "66"]
[EventDate "2017.??.??"]
[EventType "swiss"]
[EventCountry "UAE"]
[SourceTitle "playchess.com"]
[Source "ChessBase"]
[SourceQuality "1"]
[TimeControl "40/6000+30:20/3000+30:900+30"]

1. e4 {(0)} e5 {(5)} 2. Nf3 {(0)} Nc6 {
(02)} 3. Nc3 {(27)} Nf6 {(13)} 4. d4 {(
05)} exd4 {(4)} 5. Nxd4 {(5)} Bb4 {(5)} 6.
Nxc6 {(5)} bxc6 {(3)} 7. Bd3 {(6)} d5 {
(23)} 8. exd5 {(6)} O-O {(4)} 9. O-O {(
06)} cxd5 {(2)} 10. Bg5 {(13)} c6 {(1:15)} 11.
Qf3 {(8)} h6 {(4:44)} 12. Bxf6 {(21)} Qxf6 {
(05)} 13. Qxf6 {(8)} gxf6 {(3)} 14. Ne2 {
(16)} Bd6 {(1:35)} 15. Rad1 {(3:14)} Rb8 {(15:
16)} 16. b3 {(3:12)} Re8 {(22)} 17. h3 {(15:43)} Rb6 {
(06:49)} 18. Ng3 {(6:52)} c5 {(16:18)} 19. Rfe1 {(
11:12)} Rxe1+ {(7:16)} 20. Rxe1 {(4)} Be6 {(47)}
21. c4 {(12:48)} dxc4 {(8:12)} 22. Bxc4 {(10)} Bxg3 {
(08)} 23. fxg3 {(7)} Bxc4 {(5)} 24. bxc4 {
(05)} Rb4 {(10)} 25. Re8+ {(3:10)} Kg7 {(
05)} 26. Ra8 {(4)} Ra4 {(7)} 27. g4 {(12)} a5 {
(02:03)} 28. Kh2 {(1:31)} Rxa2 {(2:09)} 29. Rc8 {
(06)} a4 {(7)} 30. Rxc5 {(4)} Rc2 {(
14)} 31. Rc8 {(33)} a3 {(5)} 32. Ra8 {(4)} a2 {
(04)} 33. c5 {(5)} Rxc5 1/2-1/2

[Event "FIDE World Chess Grand Prix 2017"]
[Site "Sharjah"]
[Date "2017.02.24"]
[Round "6"]
[White "Jakovenko, Dmitry"]
[Black "Mamedyarov, Shakhriyar"]
[Result "1/2-1/2"]
[ECO "D45"]
[WhiteElo "2709"]
[BlackElo "2766"]
[Annotator ""]
[PlyCount "26"]
[EventDate "2017.??.??"]
[EventType "swiss"]
[EventCountry "UAE"]
[SourceTitle "playchess.com"]
[Source "ChessBase"]
[SourceQuality "1"]
[TimeControl "40/6000+30:20/3000+30:900+30"]

1. Nf3 {(0)} d5 {(12)} 2. d4 {(0)} Nf6 {
(11)} 3. c4 {(0)} e6 {(5)} 4. Nc3 {(
00)} c6 {(7)} 5. e3 {(2)} Nbd7 {(8)} 6. Qc2 {
(13)} Bd6 {(18)} 7. Bd3 {(2:19)} O-O {(
11)} 8. O-O {(4)} dxc4 {(4)} 9. Bxc4 {(4)} a6
{(8)} 10. a4 {(15:06)} c5 {(52)} 11. dxc5 {(
08:03)} Bxc5 {(21)} 12. b3 {(4:05)} b6 {(12:54)} 13.
Bb2 {(16)} Bb7 {(36)} 1/2-1/2

[Event "FIDE World Chess Grand Prix 2017"]
[Site "Sharjah"]
[Date "2017.02.24"]
[Round "6"]
[White "Nakamura, Hikaru"]
[Black "Grischuk, Alexander"]
[Result "1/2-1/2"]
[ECO "B90"]
[WhiteElo "2785"]
[BlackElo "2742"]
[Annotator ""]
[PlyCount "123"]
[EventDate "2017.??.??"]
[EventType "swiss"]
[EventCountry "UAE"]
[SourceTitle "playchess.com"]
[Source "ChessBase"]
[SourceQuality "1"]
[TimeControl "40/6000+30:20/3000+30:900+30"]

1. Nf3 {(0)} c5 {(1:17)} 2. e4 {(0)} d6 {(
09)} 3. d4 {(0)} cxd4 {(5)} 4. Nxd4 {(0)}
Nf6 {(5)} 5. Nc3 {(2)} a6 {(19)} 6. Be3 {
(06)} Ng4 {(49)} 7. Bg5 {(10)} h6 {(6)
} 8. Bh4 {(4)} g5 {(9)} 9. Bg3 {(3)} Bg7 {
(05)} 10. h3 {(4)} Ne5 {(51)} 11. Nf5 {(
09)} Bxf5 {(25)} 12. exf5 {(7)} Nbc6 {(4:55)}
13. Nd5 {(1:32)} e6 {(1:00)} 14. fxe6 {(23)} fxe6 {
(08)} 15. Ne3 {(12)} Qa5+ {(5:26)} 16. c3 {(
34)} Nf3+ {(21:55)} 17. Qxf3 {(12)} Bxc3+ {(4)}
18. Kd1 {(7)} Qa4+ {(21)} 19. Nc2 {(6)} Bxb2 {
(10)} 20. Rc1 {(9)} Rc8 {(22:04)} 21. Bd3 {(
01:59)} Rf8 {(3:06)} 22. Qh5+ {(4:19)} Ke7 {(18:25)} 23.
Qxh6 {(39)} Bxc1 {(14:04)} 24. Re1 {(30)} Ne5 {
(12:37)} 25. Rxe5 {(24)} dxe5 {(9)} 26. Kxc1 {
(02)} Qa3+ {(2:56)} 27. Kd2 {(14)} Rxc2+ {(
01:20)} 28. Bxc2 {(33)} Qb4+ {(9)} 29. Ke2 {(10)
} Qb5+ {(9)} 30. Ke1 {(24)} Qb4+ {(8)} 31. Kf1
{(3:22)} Qc4+ {(3)} 32. Kg1 {(12)} Qxc2 {(
03)} 33. Qxg5+ {(17)} Kf7 {(2:04)} 34. Qxe5 {(12:
28)} Qd1+ {(1:15)} 35. Kh2 {(5)} Qd5 {(4)} 36.
Qc7+ {(5:50)} Kg8 {(30)} 37. Be5 {(3:22)} Rf7 {
(02)} 38. Qc3 {(25:37)} Kf8 {(17)} 39. Qc8+ {
(07:25)} Ke7 {(3)} 40. f4 {(0)} Qc6 {(1:
55)} 41. Qg8 {(9:50)} Qe8 {(4:23)} 42. Qg3 {(1:02)} Kd8
{(4:48)} 43. h4 {(2:03)} Rh7 {(14:03)} 44. Qg5+ {
(31:24)} Kd7 {(1:49)} 45. g4 {(7:57)} Qc8 {(3:
59)} 46. Qg6 {(20:57)} Rxh4+ {(1:28)} 47. Kg3 {(3)}
Rh1 {(36)} 48. f5 {(2)} Rg1+ {(6:56)} 49. Kh2 {
(01:28)} Qc2+ {(4:12)} 50. Kxg1 {(6)} Qc5+ {(
06)} 51. Kg2 {(2:06)} Qxe5 {(1:32)} 52. Qf7+ {(40]
} Kd6 {(26)} 53. Qf8+ {(1:03)} Kd5 {(1:00)} 54. f6 {
(10:19)} Qe4+ {(2:29)} 55. Kh2 {(8)} Qxg4 {(
01:01)} 56. Qg7 {(36)} Qf4+ {(5:54)} 57. Kh3 {(14)}
Qf5+ {(1:42)} 58. Kh4 {(2:28)} Kd6 {(2:05)} 59. Qg3+ {
(05:49)} Kd7 {(22)} 60. Qg7+ {(0)} Kd6 {(
01)} 61. Qg3+ {(14:59)} Kd7 {(24)} 62. Qg7+ {(8)}
1/2-1/2

[Event "FIDE World Chess Grand Prix 2017"]
[Site "Sharjah"]
[Date "2017.02.24"]
[Round "6"]
[White "Rapport, Richard"]
[Black "Riazantsev, Alexander"]
[Result "1-0"]
[ECO "E20"]
[WhiteElo "2692"]
[BlackElo "2671"]
[Annotator ""]
[PlyCount "155"]
[EventDate "2017.??.??"]
[EventType "swiss"]
[EventCountry "UAE"]
[SourceTitle "playchess.com"]
[Source "ChessBase"]
[SourceQuality "1"]
[TimeControl "40/6000+30:20/3000+30:900+30"]

1. d4 {(0)} Nf6 {(26)} 2. c4 {(0)} e6 {(
06)} 3. Nc3 {(0)} Bb4 {(11)} 4. g3 {(4)} Nc6
{(15:01)} 5. Bg2 {(1:07)} O-O {(18)} 6. Nf3 {(
02:12)} Bxc3+ {(6:38)} 7. bxc3 {(43)} b6 {(0)} 8.
Ne5 {(6:53)} Bb7 {(20)} 9. Bg5 {(6)} Na5 {(
20:53)} 10. Bxb7 {(22:39)} Nxb7 {(5)} 11. Qa4 {(13:58)
} Nd6 {(4:08)} 12. Bxf6 {(1:06)} gxf6 {(7)} 13. Nd3
{(15)} c5 {(8:58)} 14. dxc5 {(1:45)} bxc5 {(
12:16)} 15. O-O {(6:37)} Qc7 {(3:55)} 16. Rfd1 {(46)}
Ne4 {(4:02)} 17. Qa3 {(2:19)} Rfc8 {(7:25)} 18. Qc1 {
(05:21)} Kg7 {(5:50)} 19. Rb1 {(8:34)} Rab8 {(3:
07)} 20. Rb3 {(4:37)} a5 {(6:43)} 21. Ra3 {(11:29)} h6 {
(05:43)} 22. f3 {(2:49)} Ng5 {(1:23)} 23. Nf4 {(
02:56)} f5 {(0)} 24. Qd2 {(35)} Rb7 {(42)} 25.
Rb3 {(3:19)} Rcb8 {(2:39)} 26. Qxd7 {(2:48)} Qxd7 {
(33)} 27. Rxd7 {(9)} Rxd7 {(57)} 28. Rxb8 {
(05)} Rd2 {(2)} 29. Kf2 {(4:39)} Rxa2 {(1:
41)} 30. h4 {(2)} Nh7 {(8)} 31. Nd3 {(44)} Ra3
{(17)} 32. Rb7 {(4)} Kg8 {(1:02)} 33. Rb5 {
(02:21)} Rxc3 {(10)} 34. Rxc5 {(2)} a4 {(
42)} 35. Ke3 {(6)} a3 {(25)} 36. Kd4 {(3)} Rc2
{(8)} 37. Nf4 {(1:08)} Nf6 {(1:18)} 38. Ra5 {
(05)} Ra2 {(13)} 39. Kc3 {(3:55)} Ra1 {(
44)} 40. Kb3 {(0)} Rg1 {(32)} 41. Rxa3 {(11:19)} e5
{(29:31)} 42. Nd3 {(5:01)} e4 {(2:42)} 43. Ne5 {(
27)} Rxg3 {(2:07)} 44. Ra8+ {(2:46)} Kg7 {(5:54)}
45. Ra7 {(2:15)} exf3 {(6:31)} 46. exf3 {(38)} Ng4 {
(12)} 47. Rxf7+ {(26)} Kg8 {(3)} 48. Rxf5 {
(04)} Nxe5 {(3)} 49. Rxe5 {(3)} Rxf3+ {(
04)} 50. Kb4 {(3)} Rf4 {(4)} 51. h5 {(14)}
Kf7 {(2)} 52. Kb5 {(5:46)} Kf6 {(6)} 53. Rd5 {
(13)} Ke6 {(14)} 54. Kc5 {(33)} Ke7 {(
25)} 55. Rd4 {(12:36)} Rf5+ {(50)} 56. Kb6 {(41)}
Rxh5 {(22)} 57. c5 {(3)} Rh1 {(2:58)} 58. c6 {
(36)} Ke6 {(4:42)} 59. Rc4 {(11:33)} Rb1+ {(1:
20)} 60. Ka7 {(0)} Ra1+ {(1:52)} 61. Kb8 {(38)}
Rb1+ {(13:10)} 62. Kc8 {(53)} h5 {(2:36)} 63. c7 {
(39)} Ke7 {(36)} 64. Rh4 {(3:39)} Rb5 {(
11)} 65. Rh1 {(4)} Ke6 {(57)} 66. Re1+ Kf6 67. Rc1 {
(09:08)} Ke7 {(2)} 68. Rc4 {(24)} Rb1 {(
41)} 69. Rc5 {(29)} h4 {(39)} 70. Rh5 {(55)} Rb4
{(1:05)} 71. Rh6 {(3)} Ke8 {(39)} 72. Rh7 {
(03)} Rc4 {(25)} 73. Kb7 {(6)} Rb4+ {(
05)} 74. Kc6 {(12)} Rc4+ {(19)} 75. Kd6 {(7)}
Kf8 {(1:08)} 76. Kd5 {(1:00)} Rc1 {(33)} 77. c8=Q+ {
(06)} Rxc8 {(3)} 78. Rh8+ {(4)} 1-0

[Event "FIDE World Chess Grand Prix 2017"]
[Site "Sharjah"]
[Date "2017.02.25"]
[Round "7"]
[White "Grischuk, Alexander"]
[Black "Adams, Michael"]
[Result "1/2-1/2"]
[ECO "A05"]
[WhiteElo "2742"]
[BlackElo "2751"]
[Annotator ""]
[PlyCount "118"]
[EventDate "2017.??.??"]
[EventType "swiss"]
[EventCountry "UAE"]
[SourceTitle "playchess.com"]
[Source "ChessBase"]
[SourceQuality "1"]
[TimeControl "40/6000+30:20/3000+30:900+30"]

1. Nf3 {(15)} Nf6 {(1:16)} 2. g3 {(34)} d5 {
(00:10)} 3. Bg2 {(10)} e6 {(6)} 4. O-O {(
31)} Be7 {(4)} 5. c4 {(1:40)} O-O {(9)} 6. d4 {
(00:32)} dxc4 {(7)} 7. Qc2 {(24)} a6 {(
06)} 8. a4 {(17)} Bd7 {(21)} 9. Bg5 {(54)} Bc6 {
(04:21)} 10. Rd1 {(2:37)} Nbd7 {(3:12)} 11. Nbd2 {
(01:26)} h6 {(3:51)} 12. Bxf6 {(41)} Nxf6 {(
19)} 13. Nxc4 {(23)} Be4 {(12:26)} 14. Qb3 {(43)} a5
{(7:42)} 15. Nfe5 {(1:28)} Bd5 {(25)} 16. Rac1 {
(12:43)} Re8 {(5:25)} 17. Qc2 {(6:26)} c6 {(3:
43)} 18. e4 {(12:21)} Bxc4 {(6)} 19. Qxc4 {(35)}
Qb6 {(15:22)} 20. d5 {(12:36)} cxd5 {(7:34)} 21. exd5 {
(00:17)} Bb4 {(3:06)} 22. dxe6 {(6:00)} Rxe6 {(
00:40)} 23. Nd7 {(3:11)} Nxd7 {(5:29)} 24. Rxd7 {(12)
} Rf6 {(1:36)} 25. Rc2 {(6:55)} Rd8 {(4:14)} 26. Rxd8+
{(3:39)} Qxd8 {(1)} 27. Qc8 {(3:38)} Rd6 {(
03:49)} 28. Bxb7 {(1:54)} g6 {(22)} 29. Ba6 {(2:56)}
Kg7 {(4:25)} 30. Qxd8 {(11)} Rxd8 {(4)} 31. Rc7 {
(01:32)} Re8 {(4:28)} 32. Bc4 {(1:49)} Re7 {(
04)} 33. Rc6 {(7)} Re5 {(6)} 34. b3 {(1:27)} h5 {
(05:42)} 35. Kg2 {(4:34)} g5 {(4:26)} 36. Rc7 {(
03:07)} Re7 {(5)} 37. Rc8 {(4)} Re5 {(55)} 38.
h3 {(2:52)} h4 {(3:24)} 39. g4 {(3:14)} Re7 {(
06:17)} 40. Rd8 {(0)} Kf6 {(1:37)} 41. Rd3 {(3:42)}
Re4 {(5:30)} 42. Bd5 {(59)} Re7 {(4:24)} 43. Rf3+ {
(00:35)} Kg7 {(1:33)} 44. Bc4 {(44)} f6 {(7:
21)} 45. Rd3 {(25)} Re4 {(51)} 46. Rd7+ {(44)}
Re7 {(6)} 47. Rd8 {(6)} Re5 {(1:45)} 48. Rg8+ {
(04:55)} Kh7 {(30)} 49. Kf3 {(46)} Re7 {(2:
08)} 50. Rb8 {(57)} Kg7 {(29)} 51. Rb6 {(6:13)} Re5
{(1:02)} 52. Be6 {(55)} Kf8 {(2:46)} 53. Rb8+ {
(00:15)} Ke7 {(1:38)} 54. Bc4 {(6)} Kd7 {(4:
05)} 55. Rb6 {(2:03)} f5 {(5:47)} 56. Rb7+ {(11:11)} Kd6
{(2:02)} 57. gxf5 {(1:28)} Rxf5+ {(5)} 58. Kg4 {
(00:40)} Rxf2 {(44)} 59. Kxg5 {(17)} Rf3 {(
02:27)} 1/2-1/2